 Dungeon Crawl Stone Soup version 0.22.0-49-gab54619 (webtiles) character file.

10878 Starchild the Carver (level 11, 0/82 HPs)
             Began as a Purple Draconian Monk on Sept 6, 2018.
             Was a High Priest of Nemelex Xobeh.
             Killed from afar by a catoblepas (2 damage)
             ... with a blast of calcifying dust
             ... on level 1 of the Lair of Beasts.
             The game lasted 01:04:21 (11482 turns).

Starchild the Carver (Purple Draconian Monk)       Turns: 11482, Time: 01:04:22

Health: 0/82       AC: 13    Str: 17    XL:     11   Next: 42%
Magic:  19/19      EV:  2    Int: 10    God:    Nemelex Xobeh [*****.]
Gold:   592        SH:  0    Dex: 14    Spells: 10/10 levels left

rFire    . . .     SeeInvis .   a - +0 falchion
rCold    . . .     Gourm    .   (no shield)
rNeg     + + +     Faith    .   (armour unavailable)
rPois    ∞         Spirit   .   (helmet restricted)
rElec    .         Reflect  .   O - +1 cloak {MR+}
rCorr    .         Harm     .   y - +0 pair of gloves
MR       ++...                  n - +2 pair of boots
Stlth    +.........             (no amulet)
HPRegen  0.23/turn              g - ring of positive energy
MPRegen  0.16/turn              C - ring of poison resistance

@: petrified, very slow
A: breathe power, unfitting armour, cold-blooded, AC +7
a: Breathe Dispelling Energy, Triple Draw, Deal Four, Stack Five, Renounce
Religion


You were on level 1 of the Lair of Beasts.
You worshipped Nemelex Xobeh.
Nemelex Xobeh was extremely pleased with you.
You were not hungry.

You visited 3 branches of the dungeon, and saw 12 of its levels.
You also visited: Ossuary.

You collected 592 gold pieces.

Inventory:

Hand Weapons
 a - a +0 falchion (weapon)
 D - a +2 vampiric short sword
Missiles
 e - 393 stones
 N - 2 throwing nets
 P - 7 tomahawks (quivered)
Armour
 n - a +2 pair of boots (worn)
 y - a +0 pair of gloves (worn)
 O - a +1 cloak of magic resistance (worn)
Jewellery
 g - a ring of positive energy (left hand)
 C - a ring of poison resistance (right hand)
 U - an uncursed ring of resist corrosion {unknown}
 V - an uncursed ring of ice
Wands
 l - a wand of flame (23)
Scrolls
 c - 6 scrolls of teleportation
 h - 2 scrolls of fear
 k - 6 scrolls of noise {unknown}
 m - 4 scrolls of amnesia
 q - 4 scrolls of remove curse
 v - a scroll of enchant weapon {unknown}
 x - 3 scrolls of immolation {unknown}
 A - 2 scrolls of blinking {unknown}
 E - 2 scrolls of fog {unknown}
 I - a scroll of random uselessness {unknown}
Potions
 d - 2 potions of lignification
 f - 4 potions of heal wounds {unknown}
 j - 5 potions of brilliance
 o - 3 potions of agility {unknown}
 r - 2 potions of might
 s - 2 potions of mutation {unknown}
 t - 3 potions of curing
 w - a potion of resistance {unknown}
 z - 2 potions of magic {unknown}
 F - a potion of berserk rage {unknown}
 K - 2 potions of ambrosia {unknown}
 L - 3 potions of degeneration {unknown}
 T - a potion of haste {unknown}
Miscellaneous
 H - a plain deck of escape {drawn: 4}
 M - a plain deck of escape {drawn: 1}
 R - a legendary deck of destruction
 S - a phantom mirror
Comestibles
 b - 16 rations


   Skills:
 - Level 3.2 Fighting
 - Level 14.1 Long Blades
 - Level 2.6 Dodging
 - Level 1.7 Stealth
 + Level 11.8 Invocations


You had 10 spell levels left.
You didn't know any spells.
Your spell library contained the following spells:

 Spells                   Type           Power        Failure   Level  Hunger
 Animate Skeleton         Necr           N/A          36%         1    ##.....
 Apportation              Tloc           #.....       36%         1    ##.....
 Confusing Touch          Hex            #.....       36%         1    ##.....
 Summon Small Mammal      Summ           #...         36%         1    ##.....
 Call Imp                 Summ           #.......     50%         2    ###....
 Call Canine Familiar     Summ           #.......     75%         3    ####...
 Summon Guardian Golem    Hex/Summ       #.......     75%         3    ####...
 Summon Ice Beast         Ice/Summ       #.......     98%         4    #####..
 Summon Lightning Spire   Summ/Air       #.......     98%         4    #####..


Dungeon Overview and Level Annotations

Branches:
Dungeon (10/15)            Temple (0/1) D:4            Lair (1/6) D:8
    Orc (1/2) D:10

Altars:
Cheibriados
Dithmenos
Hepliaklqana
Nemelex Xobeh
Okawaru
Ru
Sif Muna
Uskayaw
Xom
Zin
The Shining One

Annotations:
D:3 3 runed doors, Starchild's ghost, novice KoHu


Innate Abilities, Weirdness & Mutations

You can breathe bolts of dispelling energy.
Your rich purple scales are hard. (AC +7)
You cannot fit into any form of body armour.
You are cold-blooded and may be slowed by cold attacks.


Message History

The water moccasin bites you but does no damage.
The catoblepas gores you.
* * * LOW HITPOINT WARNING * * *
You are engulfed in calcifying dust.
The water moccasin bites you.
* * * LOW HITPOINT WARNING * * *
The catoblepas gores you!!
* * * LOW HITPOINT WARNING * * *
The catoblepas is no longer moving slowly.
The water moccasin is no longer moving slowly.
The water moccasin bites you but does no damage.
The water moccasin bites you!
* * * LOW HITPOINT WARNING * * *
The catoblepas breathes a plume of calcifying dust at you.
The blast of calcifying dust hits you!
The water moccasin bites you but does no damage.
You are engulfed in calcifying dust.
The catoblepas breathes a plume of calcifying dust at you.
The blast of calcifying dust hits you!
You die...
Your body glows slightly and disappears.

#.........#.....# #
##.#.......#.....####### ..
#...##..P###...........##...
#..........................
#........................#
#..........≈≈≈...........#
#.......≈≈≈≈≈≈.....##..###
#...##..≈≈Y≈≈≈≈....# ..#
#.... #.≈≈≈@≈≈≈≈≈.##.>.8..
##... #.≈≈≈§S≈≈≈≈≈.#....#.#
#... #≈≈≈≈§<.≈≈≈.##.#..###
##. #.≈≈≈..≈≈≈≈.# .....
#≈≈≈≈≈≈≈≈≈≈.# .....
#..≈≈≈≈≈≈≈≈..#
#..≈≈≈≈≈≈....#
#.#...≈≈....##
#....##......#


You could see a catoblepas and a water moccasin.

Vanquished Creatures
  Harold (D:9)
  A two-headed ogre (D:8)
  An orb spider (D:8)
  Pikel (D:9)
  An orc sorcerer (Orc:1)
  A cyclops (D:9)
  Maurice (D:8)
  A spiny frog (Lair:1)
  2 kobold demonologists (D:10)
  A troll (D:9)
  2 hippogriffs
  5 yaks
  A basilisk (D:8)
  3 ogres
  2 steam dragons
  2 wargs
  A porcupine (D:8)
  2 water moccasins
  An ice beast (D:8)
  2 orc warriors
  2 sky beasts
  A black bear (D:7)
  An eye of draining (D:8)
  2 phantoms (D:10)
  2 necrophages
  A crocodile (D:10)
  2 centaurs
  2 big kobolds (D:10)
  4 bullfrogs
  A wyvern zombie (D:10)
  An elf zombie (Ossuary)
  3 scorpions
  2 howler monkeys (D:9)
  3 crimson imps
  A bullfrog zombie (D:5)
  4 centaur zombies
  2 jellies
  4 orc priests
  2 centaur skeletons
  An iron imp (D:9)
  9 orc wizards
  3 iguanas
  6 worker ants
  A killer bee zombie (D:6)
  An ogre zombie (Ossuary)
  2 mummies (Ossuary)
  A worker ant zombie (D:7)
  3 gnolls
  6 adders
  3 shadow imps
  An ooze (D:1)
  An adder skeleton (D:8)
  5 adder zombies
  A worm (D:5)
  6 dart slugs
  2 leopard geckos
  30 orcs
  4 bats
  3 giant cockroaches
  A gnoll zombie (Ossuary)
  8 goblins
  8 hobgoblins
  11 jackals
  12 kobolds
  4 quokkas
  A ball python (D:2)
  6 frilled lizards
  A goblin skeleton (D:4)
  4 goblin zombies
  8 hobgoblin zombies
  5 kobold zombies
  An orc zombie (D:4)
  2 quokka zombies (Ossuary)
  11 rats
  6 rat zombies (Ossuary)
250 creatures vanquished.

Vanquished Creatures (collateral kills)
  A kobold demonologist (D:10)
  A wraith (D:10)
  A yak (D:8)
  Menkaure (Ossuary)
  Edmund (D:5)
  2 porcupines (D:8)
  An orc warrior (D:6)
  A sky beast (D:8)
  2 crocodiles (D:8)
  3 scorpions
  2 crimson imps (D:5)
  A quasit (D:5)
  A centaur zombie (D:5)
  2 jellies
  2 hounds (D:5)
  2 orc priests
  5 orc wizards
  An iguana (D:7)
  An ogre zombie (Ossuary)
  4 mummies (Ossuary)
  A gnoll (D:3)
  3 adders
  A howler monkey skeleton (D:6)
  A dart slug (D:5)
  8 orcs
  2 kobolds (D:10)
  2 quokkas (D:6)
53 creatures vanquished.

Vanquished Creatures (others)
  3 slaves (D:9)
  2 orc warriors
  A crocodile (D:8)
  A killer bee (D:6)
  A ball lightning (D:8)
  2 orcs
  A jackal (D:6)
  7 fungi
  8 plants
26 creatures vanquished.

Grand Total: 329 creatures vanquished

Notes
Turn   | Place    | Note
-------+----------+-------------------------------------------
     0 | D:1      | Starchild the Draconian Monk began the quest for the Orb.
     0 | D:1      | Reached XP level 1. HP: 19/19 MP: 1/1
    45 | D:1      | Reached XP level 2. HP: 12/26 MP: 2/2
   327 | D:1      | Reached skill level 4 in Long Blades
   471 | D:1      | Reached XP level 3. HP: 31/31 MP: 3/3
   858 | D:2      | Found a sparkling altar of Nemelex Xobeh.
   875 | D:2      | Became a worshipper of Nemelex Xobeh the Trickster
   875 | D:2      | Received a gift from Nemelex Xobeh
   875 | D:2      | Reached * piety under Nemelex Xobeh
   875 | D:2      | Received a gift from Nemelex Xobeh
   875 | D:2      | Reached ** piety under Nemelex Xobeh
  1118 | D:2      | Reached skill level 5 in Long Blades
  1118 | D:2      | Reached XP level 4. HP: 31/38 MP: 4/4
  1161 | D:2      | Received a gift from Nemelex Xobeh
  1202 | D:2      | Found a faded altar of an unknown god.
  1642 | D:3      | Noticed a big kobold
  1655 | D:3      | Found a runed gate.
  1655 | D:3      | Found a runed gate.
  1655 | D:3      | Found a runed gate.
  1656 | D:3      | Noticed a big kobold
  1660 | D:3      | Noticed Starchild's ghost (novice KoHu)
  1661 | D:3      | Noticed a big kobold
  1736 | D:3      | Found a shadowy altar of Dithmenos.
  1770 | D:3      | Received a gift from Nemelex Xobeh
  2577 | D:4      | Found a staircase to the Ecumenical Temple.
  2578 | D:4      | Received a gift from Nemelex Xobeh
  2621 | D:4      | Reached XP level 5. HP: 34/45 MP: 5/5
  2669 | D:4      | Found a sand-covered staircase.
  2705 | Ossuary  | Entered an ossuary
  2732 | Ossuary  | Reached skill level 6 in Long Blades
  2831 | Ossuary  | Reached *** piety under Nemelex Xobeh
  3172 | Ossuary  | Reached XP level 6. HP: 42/51 MP: 6/6
  3177 | Ossuary  | Noticed Menkaure
  3190 | Ossuary  | Reached skill level 7 in Long Blades
  3200 | Ossuary  | Killed Menkaure
  3730 | D:4      | Found a glowing golden altar of the Shining One.
  3774 | D:4      | Reached skill level 8 in Long Blades
  3825 | D:4      | Received a gift from Nemelex Xobeh
  3840 | D:4      | Your scales start taking on a rich purple colour.
  3840 | D:4      | Reached XP level 7. HP: 39/57 MP: 7/7
  4187 | D:4      | Found a deep blue altar of Sif Muna.
  4263 | D:4      | Found a hide-covered altar of Uskayaw.
  4315 | D:4      | Found a shimmering altar of Xom.
  4371 | D:5      | Entered Level 5 of the Dungeon
  4388 | D:5      | Noticed Edmund
  4411 | D:5      | Killed Edmund
  4411 | D:5      | Reached skill level 9 in Long Blades
  4839 | D:5      | Found a hazy altar of Hepliaklqana.
  4878 | D:5      | Reached XP level 8. HP: 21/63 MP: 8/8
  5131 | D:5      | Received a gift from Nemelex Xobeh
  5278 | D:6      | Reached skill level 10 in Long Blades
  5343 | D:6      | Found a sparkling altar of Nemelex Xobeh.
  5343 | D:6      | Found a glowing silver altar of Zin.
  5693 | D:6      | Reached skill level 11 in Long Blades
  5841 | D:6      | Received a gift from Nemelex Xobeh
  6175 | D:7      | Reached **** piety under Nemelex Xobeh
  6250 | D:7      | Found a sacrificial altar of Ru.
  6728 | D:7      | Reached XP level 9. HP: 63/70 MP: 9/9
  6817 | D:7      | Received a gift from Nemelex Xobeh
  7019 | D:8      | Reached skill level 12 in Long Blades
  7212 | D:8      | Reached skill level 13 in Long Blades
  7213 | D:8      | Noticed an orb spider
  7213 | D:8      | a yak changed into an orb spider
  7255 | D:8      | Killed an orb spider
  7701 | D:8      | Found a staircase to the Lair.
  7844 | D:8      | Received a gift from Nemelex Xobeh
  7886 | D:8      | Noticed a two-headed ogre
  7902 | D:8      | Killed a two-headed ogre
  7902 | D:8      | Reached skill level 14 in Long Blades
  7902 | D:8      | Reached XP level 10. HP: 69/77 MP: 10/10
  7952 | D:8      | Reached skill level 1 in Invocations
  8273 | D:8      | Noticed Maurice
  8278 | D:8      | Killed Maurice
  8397 | D:9      | Noticed Pikel
  8426 | D:9      | Killed Pikel
  8426 | D:9      | Reached skill level 5 in Invocations
  8464 | D:9      | Found a snail-covered altar of Cheibriados.
  8596 | D:9      | Received a gift from Nemelex Xobeh
  8602 | D:9      | Noticed Harold
  8610 | D:9      | Killed Harold
  8943 | D:9      | Noticed a cyclops
  8945 | D:9      | Killed a cyclops
  9421 | D:9      | Reached ***** piety under Nemelex Xobeh
  9610 | D:10     | Entered Level 10 of the Dungeon
  9671 | D:10     | Received a gift from Nemelex Xobeh
  9925 | D:10     | Reached XP level 11. HP: 77/82 MP: 18/18
  9987 | D:10     | Found a staircase to the Orcish Mines.
 10087 | D:10     | Reached skill level 10 in Invocations
 10418 | D:10     | Found an iron altar of Okawaru.
 10684 | D:10     | Received a gift from Nemelex Xobeh
 11035 | Orc:1    | Entered Level 1 of the Orcish Mines
 11035 | Orc:1    | Noticed an orc sorcerer
 11038 | Orc:1    | Killed an orc sorcerer
 11408 | Lair:1   | Entered Level 1 of the Lair of Beasts
 11453 | Lair:1   | Noticed a catoblepas
 11481 | Lair:1   | HP: 2/82 [water moccasin (4)]
 11482 | Lair:1   | Killed from afar by a catoblepas

Skill      XL: |  1  2  3  4  5  6  7  8  9 10 11 |
---------------+----------------------------------+-----
Long Blades    | 4 5 6 8 9 11 14 | 14.1
Invocations    | 9 11 | 11.8
Fighting       | |  3.2
Dodging        | |  2.6
Stealth        | |  1.7

Action                   |  1- 3 |  4- 6 |  7- 9 | 10-12 || total
-------------------------+-------+-------+-------+-------++-------
Melee: Falchion          |   117 |   235 |   348 |   391 ||  1091
       Tailslap          |    18 |    48 |    55 |    77 ||   198
Throw: Stone             |       |     8 |     5 |     2 ||    15
       Tomahawk          |       |       |     3 |     4 ||     7
 Abil: Breathe Dispellin |       |       |     6 |     5 ||    11
Evoke: Deck              |       |     8 |    27 |    40 ||    75
       Wand              |       |       |    14 |    22 ||    36
  Use: Scroll            |       |     7 |     3 |     1 ||    11
       Potion            |       |       |     1 |     1 ||     2
 Stab: Sleeping          |     5 |     9 |     3 |       ||    17
       Distracted        |       |       |     2 |     1 ||     3
       Paralysed         |       |       |     1 |       ||     1
  Eat: Chunk             |       |     3 |     7 |     4 ||    14
       Ration            |       |     2 |     2 |     3 ||     7
Armor: Skin              |    33 |    38 |   112 |   124 ||   307
Dodge: Dodged            |    73 |   112 |   192 |   174 ||   551
       Rpst.: Falchion   |    28 |    32 |    66 |    41 ||   167
